 Dungeon Sprint DCSS version 0.21.0-24-g2553a33 (webtiles) character file.

14336 letownia2 the Brawler (level 11, -30/122 (123) HPs)
             Began as a Troll Wizard on Jan 19, 2018.
             Was a Believer of Ru.
             Annihilated by a lorocyproca (33 damage)
             ... in the Dungeon (Sprint I: "Red Sonja").
             The game lasted 00:23:01 (2526 turns).

letownia2 the Brawler (Troll Wizard)                Turns: 2526, Time: 00:23:02

HP:   -30/122 (123) AC:  4    Str: 16    XL:     11   Next: 87%
MP:   0/14          EV: 12    Int: 16    God:    Ru [**....]
Gold: 723           SH:  0    Dex:  8    Spells: 0/18 levels left

rFire    . . .     SeeInvis .     - Unarmed
rCold    . . .     Gourm    +   (no shield)
rNeg     . . .     Faith    .   p - -1 robe (curse)
rPois    .         Spirit   .   b - +0 hat
rElec    .         Reflect  .   (no cloak)
rCorr    .         Harm     .   (gloves unavailable)
MR       .....     Rnd*Rage +   (boots unavailable) Stlth +.........NoTele +
                                (no amulet)
HPRegen  0.70/turn              (no ring)
MPRegen  0.14/turn              (no ring)

@: confused, no scrolls
A: large, unfitting armour, claws 3, berserk 1, fast metabolism 3, gourmand, low
mp 1, regeneration 1, shaggy fur 1, tough skin 2, weak 1, evolution 1, inability
to read while threatened
a: Renounce Religion


You were in the Dungeon.
You worshipped Ru.
Ru was pleased with you.
You were near starving.

You visited 1 branch You collected 1432 gold pieces.
You spent 709 gold pieces at shops.

Inventory:

Hand Weapons
 m - a +0 blowgun
 n - a +0 dagger of distortion
Missiles
 o - 4 curare-tipped needles
Armour
 a - a +0 robe
 b - a +0 hat (worn)
 p - a cursed -1 robe (worn)
Wands
 k - a wand of polymorph (10)
Scrolls
 j - a scroll of blinking
 q - a scroll of fog {unknown}
 r - 2 scrolls of identify {unknown}
 s - a scroll of magic mapping {unknown}
 w - a scroll of remove curse {unknown}
Potions
 e - 3 potions of curing
 f - a potion of heal wounds
 g - a potion of haste
 h - 3 potions of magic
 i - a potion of degeneration {unknown}
 u - a potion of invisibility {unknown}
 x - a potion of agility {unknown}
 z - a potion of might {unknown}
 A - a potion of cancellation {unknown}
Books
 c - a book of Minor Magic

   Spells                             Type                      Level
   a - Magic Dart                     Conjuration                  1
   b - Blink                          Translocation                2
   c - Call Imp                       Summoning                    2
   d - Slow                           Hexes                        2
   e - Conjure Flame                  Conjuration/Fire             3
   f - Mephitic Cloud                 Conjuration/Poison/Air       3
 l - a book of Maledictions

   Spells                             Type                      Level
   a - Corona                         Hexes                        1
   b - Ensorcelled Hibernation        Hexes/Ice                    2
   c - Confuse                        Hexes                        3
   d - Tukima's Dance                 Hexes                        3
   e - Dazzling Spray                 Conjuration/Hexes            3
 t - a book of Conjurations

   Spells                             Type                      Level
   a - Magic Dart                     Conjuration                  1
   b - Searing Ray                    Conjuration                  2
   c - Dazzling Spray                 Conjuration/Hexes            3
   d - Fulminant Prism                Conjuration/Hexes            4
   e - Force Lance                    Conjuration/Translocation    4
   f - Iskenderun's Mystic Blast      Conjuration                  4
 v - the Grimoire of Transmigration and Intoxication
   (You bought it in a shop in the Dungeon)

   Spells                             Type                      Level
   a - Beastly Appendage              Transmutation                1
   b - Sticks to Snakes               Transmutation                2
   c - Olgreb's Toxic Radiance        Poison                       4
   d - Petrify                        Transmutation/Earth          4
   e - Dragon Form                    Transmutation                7
Comestibles
 d - 2 rations


   Skills:
 - Level 12.2 Fighting
 - Level 7.0 Dodging
 - Level 1.0 Stealth
 - Level 20.3 Unarmed Combat
 - Level 4.4 Spellcasting
 - Level 4.6 Conjurations
 - Level 2.1 Summonings
 - Level 2.1 Translocations
 + Level 0.0 Transmutations
 - Level 3.4 Fire Magic
 - Level 3.1 Air Magic
 - Level 3.5 Poison Magic


You couldn't memorise any spells.
You knew the following spells:

 Your Spells              Type           Power        Failure   Level  Hunger
a - Magic Dart            Conj           ###.         2%          1    None
b - Blink                 Tloc           N/A          10%         2    ##.....
c - Conjure Flame         Conj/Fire      ###.....     9%          3    ###....
d - Dragon Form           Tmut           #.........   100%        7    #######
e - Mephitic Cloud        Conj/Pois/Air  ###.....     11%         3    ###....
i - Call Imp              Summ           ##......     10%         2    ##.....


Dungeon Overview and Level Annotations

Branches:
Dungeon (1/1)

Altars:
Cheibriados
Dithmenos
Elyvilon
Fedhas
Gozag
Hepliaklqana
Kikubaaqudgha
Makhleb
Nemelex Xobeh
Okawaru
Qazlal
Ru
Sif Muna
Trog
Uskayaw
Vehumet
Wu Jian
Xom
Yredelemnul
Zin
The Shining One
Jiyva
Lugonu

Shops:
D (*([((*}[**[[(:[(}%[[


Innate Abilities, Weirdness & Mutations

You are too large for most types of armour.
You have claws for hands.
Your metabolism is lightning-fast.
You like to eat raw meat.
Your natural rate of healing is unusually fast.
You are covered in fur. (AC +1)
You have very tough skin. (AC +2)
You are weak. (Str -2)
You cannot read scrolls while threatened.
You tend to lose your temper in combat.
Your magical capacity is low. (-10% MP)
You evolve.


Message History

You focus your will and blind the meliai in retribution!
You bump into the stone wall.
You are engulfed in noxious fumes.
You choke on the stench!
You are more confused.
Something hits you!!
* * * LOW HITPOINT WARNING * * *
Unknown command.
Unknown command.
Unknown command.
You are engulfed in noxious fumes.
* * * LOW HITPOINT WARNING * * *
Unknown command.
Unknown command.
You're too confused to move!
Something hits you!!
* * * LOW HITPOINT WARNING * * *
You feel your power leaking away.
Unknown command.
Unknown command.
You miss something. Something hits you!!
You die...

#..'..'..#.).##'#.####.§.§§##..+
##'#__####...'.§#§# ##§§.######
.#[####.)#####..§§# #$###+# ?##
##.#≈≈§.§#..##§####..$#y#.##$$$#
#_.'≈§§§.'..#.^§§§#..$###§.###$#
.._#≈≈§§.#..#..§§§§..$$$##§#A#$#
.#'##'#####'###...#...{.#..###$#
'#.#..).###.'.#.{.# #++##.##..$#
.####'###.###.#.@## #. +###
..'.....'.∩##§#..# ##
..###########.##+#
.###.......##§# '#.#..........#
...#+..######§# .[.#.....§§.#.#
####....§§.#§§# .(........≈####


There were no monsters in sight!

Vanquished Creatures
  A hydra (D)
  2 centaur warriors (D)
  Sonja (D)
  A deep troll (D)
  2 unseen horrors (D)
  A lindwurm (D)
  An oklob plant (D)
  8 shining eyes (D)
  A gargoyle (D)
  2 kobold demonologists (D)
  4 demonic crawlers (D)
  A hornet (D)
  A slime creature (D)
  2 redbacks (D)
  Sigmund (D)
  A yak (D)
  13 hogs (D)
  7 floating eyes (D)
  7 necrophages (D)
  An ogre (D)
  8 jellies (D)
  Ijyb (D)
  4 ballistomycetes (D)
  A ballistomycete spore (D)
72 creatures vanquished.

Vanquished Creatures (others)
  A gargoyle (D)
  A ballistomycete spore (D)
2 creatures vanquished.

Grand Total: 74 creatures vanquished

Notes
Turn   | Place    | Note
-------+----------+-------------------------------------------
     0 | D        | letownia2 the Troll Wizard began the quest for the Orb.
     0 | D        | Reached XP level 1. HP: 16/16 MP: 2/2
     2 | D        | Noticed Ijyb
    36 | D        | Killed Ijyb
    36 | D        | Reached skill level 4 in Unarmed Combat
    36 | D        | Reached XP level 2. HP: 18/24 MP: 4/4
    50 | D        | Noticed an ogre
    67 | D        | Killed an ogre
    67 | D        | Reached skill level 7 in Unarmed Combat
    67 | D        | Reached XP level 3. HP: 10/31 MP: 5/5
    67 | D        | Reached XP level 4. HP: 13/39 MP: 6/6
    81 | D        | Learned a level 3 spell: Mephitic Cloud
    85 | D        | Learned a level 3 spell: Conjure Flame
   114 | D        | Noticed Sigmund
   125 | D        | Killed Sigmund
   125 | D        | Reached XP level 5. HP: 48/53 MP: 3/7
   142 | D        | Found an ornate altar of the Wu Jian Council.
   142 | D        | Found a deep blue altar of Sif Muna.
   144 | D        | Found a radiant altar of Vehumet.
   152 | D        | Reached XP level 6. HP: 42/61 MP: 6/8
   176 | D        | Found Ofeuklu's Antique Armour Emporium.
   176 | D        | Found an ancient bone altar of Kikubaaqudgha.
   176 | D        | Found a hazy altar of Hepliaklqana.
   176 | D        | Found a hide-covered altar of Uskayaw.
   176 | D        | Found a basalt altar of Yredelemnul.
   176 | D        | Found an opulent altar of Gozag.
   176 | D        | Found a snail-covered altar of Cheibriados.
   176 | D        | Found a sacrificial altar of Ru.
   176 | D        | Found a shadowy altar of Dithmenos.
   176 | D        | Noticed a yak
   180 | D        | Killed a yak
   180 | D        | Reached skill level 8 in Unarmed Combat
   188 | D        | Found a stormy altar of Qazlal.
   188 | D        | Found a blossoming altar of Fedhas.
   188 | D        | Found a bloodstained altar of Trog.
   188 | D        | Found an iron altar of Okawaru.
   188 | D        | Found a glowing golden altar of the Shining One.
   188 | D        | Found a glowing silver altar of Zin.
   188 | D        | Found a white marble altar of Elyvilon.
   189 | D        | Found a sparkling altar of Nemelex Xobeh.
   194 | D        | Became a worshipper of Ru the Awakened
   202 | D        | Noticed Sonja
   215 | D        | Killed Sonja
   215 | D        | Reached skill level 12 in Unarmed Combat
   215 | D        | Reached XP level 7. HP: 58/68 MP: 3/10
   271 | D        | Noticed a centaur warrior
   312 | D        | Killed a centaur warrior
   312 | D        | Reached skill level 14 in Unarmed Combat
   312 | D        | Reached XP level 8. HP: 51/78 MP: 8/11
   313 | D        | Noticed a centaur warrior
   316 | D        | Killed a centaur warrior
   316 | D        | Reached skill level 16 in Unarmed Combat
   316 | D        | Reached XP level 9. HP: 54/84 MP: 9/12
   353 | D        | Found a viscous altar of Jiyva.
   353 | D        | Found a corrupted altar of Lugonu.
   361 | D        | Found a burning altar of Makhleb.
   361 | D        | Found a shimmering altar of Xom.
   400 | D        | Noticed a kobold demonologist
   401 | D        | Noticed a kobold demonologist
   409 | D        | Killed a kobold demonologist
   409 | D        | Reached skill level 17 in Unarmed Combat
   412 | D        | Killed a kobold demonologist
   433 | D        | Noticed a demonic crawler
   433 | D        | Noticed a demonic crawler
   433 | D        | Noticed a demonic crawler
   433 | D        | Noticed a demonic crawler
   438 | D        | Killed a demonic crawler
   438 | D        | Reached skill level 5 in Fighting
   443 | D        | Killed a demonic crawler
   447 | D        | Killed a demonic crawler
   450 | D        | Killed a demonic crawler
   450 | D        | Reached XP level 10. HP: 13/104 MP: 10/13
   473 | D        | Killed a gargoyle
   544 | D        | Gained mutation: You cannot read scrolls while threatened. [Ru sacrifice]
   544 | D        | Reached * piety under Ru
   593 | D        | Noticed a deep troll
   599 | D        | Killed a deep troll
   697 | D        | Learned a level 2 spell: Blink
   700 | D        | Learned a level 2 spell: Call Imp
   726 | D        | Paralysed by a hornet for 1 turns
   733 | D        | Paralysed by a hornet for 1 turns
   758 | D        | 20s
   758 | D        | 40s
   861 | D        | Reached skill level 1 in Summonings
   861 | D        | Reached skill level 1 in Translocations
   883 | D        | Noticed an oklob plant
   889 | D        | Killed an oklob plant
   965 | D        | Found Bovuutz's Armour Emporium.
   985 | D        | Found Cuecungi's Weapon Boutique.
  1023 | D        | Noticed a gargoyle
  1042 | D        | Killed a gargoyle
  1101 | D        | Noticed a lindwurm
  1103 | D        | Killed a lindwurm
  1132 | D        | Reached skill level 18 in Unarmed Combat
  1142 | D        | Reached skill level 10 in Fighting
  1148 | D        | Reached XP level 11. HP: 88/118 MP: 7/16
  1230 | D        | Killed an unseen horror
  1235 | D        | Killed an unseen horror
  1348 | D        | Reached skill level 5 in Dodging
  1348 | D        | Reached skill level 19 in Unarmed Combat
  1422 | D        | Found Ezidwy's Gadget Boutique.
  1422 | D        | Found Ciecw's Food Emporium.
  1423 | D        | Found Raotith's Antique Armour Emporium.
  1440 | D        | Found Fuattudgh's Weapon Boutique.
  1440 | D        | Found Peggyble's Antique Armour Shoppe.
  1440 | D        | Found Rymurun's Book Shop.
  1440 | D        | Found Nonuinol's Antique Weapon Emporium.
  1440 | D        | Found Xuadurule's Antique Armour Boutique.
  1440 | D        | Found Gasoaf's Antique Armour Shoppe.
  1440 | D        | Found Nopiotit's Assorted Antiques.
  1443 | D        | Found Giarhog's General Store.
  1444 | D        | Found Xexuraat's Antique Armour Boutique.
  1444 | D        | Found Munlicojeck's Gadget Shoppe.
  1445 | D        | Found Viuxtina's General Store.
  1520 | D        | Noticed a shining eye
  1520 | D        | Noticed a shining eye
  1520 | D        | Noticed a shining eye
  1541 | D        | Killed a shining eye
  1548 | D        | Killed a shining eye
  1562 | D        | Noticed a shining eye
  1591 | D        | Gained mutation: You evolve. [a shining eye]
  1592 | D        | Killed a shining eye
  1647 | D        | Paralysed by a floating eye for 4 turns
  1656 | D        | Noticed a shining eye
  1656 | D        | Noticed a shining eye
  1656 | D        | Gained mutation: You are dopey. (Int -2) [a shining eye]
  1685 | D        | Gained mutation: You tend to lose your temper in combat. [a shining eye]
  1688 | D        | Killed a shining eye
  1689 | D        | Killed a shining eye
  1699 | D        | Noticed a shining eye
  1699 | D        | Noticed a shining eye
  1719 | D        | Killed a shining eye
  1808 | D        | Lost mutation: You are dopey. (Int -2) [a shining eye]
  1810 | D        | Killed a shining eye
  1810 | D        | Reached skill level 20 in Unarmed Combat
  1829 | D        | Gained mutation: Your magical capacity is low. (-10% MP) [a shining eye]
  2058 | D        | Killed a shining eye
  2104 | D        | Noticed a 12-headed hydra
  2148 | D        | Paralysed by a floating eye for 3 turns
  2285 | D        | Killed a 12-headed hydra
  2322 | D        | Noticed a daeva
  2328 | D        | Gained mutation: You are weak. (Str -2) [Ru sacrifice]
  2328 | D        | Reached ** piety under Ru
  2384 | D        | Bought the Grimoire of Transmigration and Intoxication for 588 gold pieces
  2392 | D        | Learned a level 7 spell: Dragon Form
  2440 | D        | Found Pouptyh's Antique Weapon Shop.
  2440 | D        | Found Pyheugax's Assorted Antiques.
  2440 | D        | Found Leckatheej's Weapon Boutique.
  2440 | D        | Found Tavea's Antique Weapon Emporium.
  2456 | D        | Bought a scroll labeled ZEOSOS AFELE for 26 gold pieces
  2456 | D        | Bought a scroll labeled XOZOPA LA LOPN for 26 gold pieces
  2456 | D        | Bought a purple potion for 23 gold pieces
  2456 | D        | Bought a cyan potion for 23 gold pieces
  2456 | D        | Bought a pink potion for 23 gold pieces
  2525 | D        | HP: 3/122 [something (23)]
  2526 | D        | Annihilated by a lorocyproca

Skill      XL: |  1  2  3  4  5  6  7  8  9 10 11 |
---------------+----------------------------------+-----
Unarmed Combat | 4 7 12 14 16 17 18 20 | 20.3
Conjurations   | 2 3 4 |  4.6
Fighting       | 3 7 10 12 | 12.2
Fire Magic     | 2 3 |  3.4
Air Magic      | 2 3 |  3.1
Poison Magic   | 2 3 |  3.5
Spellcasting   | 3 4 |  4.4
Summonings     | 2 |  2.1
Translocations | 2 |  2.1
Dodging        | 4 7 |  7.0
Stealth        | |  1.0

Action                   |  1- 3 |  4- 6 |  7- 9 | 10-12 || total
-------------------------+-------+-------+-------+-------++-------
Melee: Unarmed           |    46 |    23 |    35 |   148 ||   252
       Punch             |       |       |     5 |    13 ||    18
 Cast: Mephitic Cloud    |       |     3 |     1 |     3 ||     7
       Conjure Flame     |       |     1 |     2 |    26 ||    29
       Blink             |       |       |       |     1 ||     1
Invok: Sacrifice Words   |       |       |       |     1 ||     1
       Sacrifice Purity  |       |       |       |     1 ||     1
Evoke: Wand              |     1 |       |       |     3 ||     4
  Use: Potion            |       |       |     2 |       ||     2
 Stab: Confused          |       |     3 |     1 |     2 ||     6
       Distracted        |       |       |       |     1 ||     1
  Eat: Chunk             |       |     6 |     3 |    10 ||    19
       Ration            |       |       |       |     1 ||     1
Armor: Robe              |     2 |     1 |     6 |     4 ||    13
       Skin              |     1 |       |       |    18 ||    19
Dodge: Dodged            |    23 |     8 |    13 |    47 ||    91
